 Dungeon Crawl Stone Soup version 0.29-a0-1047-g7c58e119a4 (webtiles) character file.

Game seed: 10031570607985046162

100 nickcage the Poker (level 4, -2/33 HPs)
             Began as a Merfolk Gladiator on Aug 16, 2022.
             Slain by a gnoll
             ... wielding a +0 spear
              (5 damage)
             ... on level 3 of the Dungeon.
             The game lasted 00:03:31 (1915 turns).

nickcage the Poker (Merfolk Gladiator)              Turns: 1915, Time: 00:03:32

Health: -2/33      AC:  5    Str: 16    XL:     4   Next: 73%
Magic:  4/4        EV:  7    Int:  7    God:
Gold:   94         SH:  0    Dex: 15    Spells: 3/3 levels left

rFire   . . .      SeeInvis .   a - +0 trident
rCold   . . .      Faith    .   (no shield)
rNeg    . . .      Spirit   .   b - +0 leather armour
rPois   .          Reflect  .   c - +0 helmet
rElec   .          Harm     .   (no cloak)
rCorr   .          Rampage  .   (no gloves)
Will    .....                   g - +0 pair of boots
Stlth   +.........              (no amulet)
HPRegen 0.11/turn               (no ring)
MPRegen 0.09/turn               (no ring)

@: held
A: (nimble swimmer 2), mertail
a: no special abilities


You were on level 3 of the Dungeon.
You visited 1 branch of the dungeon, and saw 3 of its levels.

You collected 94 gold pieces.

Inventory:

Hand Weapons
 a - a +0 trident (weapon)
Missiles
 d - 3 throwing nets (quivered)
 e - a javelin
Armour
 b - a +0 leather armour (worn)
 c - a +0 helmet (worn)
 g - a +0 pair of boots (worn)
Scrolls
 f - a scroll of blinking {unknown}
 i - 2 scrolls of identify {unknown}
 j - a scroll of noise {unknown}
 k - a scroll of torment {unknown}
 l - a scroll of teleportation {unknown}
 m - a scroll of amnesia {unknown}
 o - 2 scrolls of silence {unknown}
 p - a scroll of poison {unknown}
 q - a scroll of immolation {unknown}
Potions
 h - a potion of attraction {unknown}
 n - 2 potions of curing {unknown}


   Skills:
 - Level 2.1 Fighting
 + Level 7.0 Polearms
 - Level 2.0 Throwing
 - Level 4.0 Dodging


You had 3 spell levels left.
You didn't know any spells.
Your spell library contained the following spells:

 Spells                   Type           Power      Damage    Failure   Level
 Sting                    Tmut/Pois      0%         1d3       50%         1
 Poisonous Vapours        Pois/Air       0%         N/A       65%         2
 Olgreb's Toxic Radiance  Pois           0%         N/A       99%         4


Dungeon Overview and Level Annotations

Branches:
Dungeon (3/15)

Altars:

Shops:
D:1 !   D:3 (


Innate Abilities, Weirdness & Mutations

((You are very nimble when in or above water. (Stealth+, EV+, Speed+++)))
Your lower body shifts to a powerful aquatic tail in water.


Message History

You hit the goblin.
You kill the goblin!
You reach to attack!
You barely miss the gnoll.
The gnoll throws a throwing net.
The throwing net hits you.
You become entangled in the net!
You are held in a net!
You are held in a net!
You struggle against the net.
The gnoll hits you from afar with a +0 spear!
You struggle against the net.
A gnoll comes into view. It is wielding a +0 spear.
The gnoll closely misses you.
You rip the net and break free!
The gnoll hits you from afar with a +0 spear.
You reach to attack!
You barely miss the gnoll.
An orc comes into view. It is wielding a +0 dagger.
The gnoll hits you from afar with a +0 spear!
You are too injured to fight recklessly!
You are too injured to fight recklessly!
Reach: a) +0 trident
Press: ? - help, Dir - move target, f/p - gnoll
Aim: a gnoll, wielding a +0 spear, wearing a +0 ring mail and quivering a throwing net (about 31% to evade your +0 trident)
You reach to attack!
You barely miss the gnoll.
The gnoll hits you from afar with a +0 spear.
Reach: a) +0 trident
Press: ? - help, Dir - move target, f/p - gnoll
Aim: a gnoll, wielding a +0 spear, wearing a +0 ring mail and quivering a throwing net (about 31% to evade your +0 trident)
You reach to attack!
You hit the gnoll but do no damage.
The gnoll throws a throwing net.
The throwing net hits you.
You become entangled in the net!
You cannot attack while held in a net.
You tear a large gash into the net.
The gnoll hits you from afar with a +0 spear.
* * * LOW HITPOINT WARNING * * *
You struggle against the net.
The gnoll hits you from afar with a +0 spear.
* * * LOW HITPOINT WARNING * * *
You struggle against the net.
The gnoll hits you from afar with a +0 spear.
You die...

#............# #..
#............#####..
###'###'#..##...##.. #.#
#.#.......#... #.#
#.#.......+... .
#.###.#####...#... ...
#.....#####...#...
....o#########..'...#...
....gg)@.....#.##.......
....g#######.#.##.......
∩.. #.#.##......÷ .
#...####..... #####
#..... #..... #.....
######


You could see 3 gnolls and an orc.

Vanquished Creatures
  Jessica (D:2)
  An adder (D:3)
  A worm (D:3)
  2 dart slugs (D:2)
  4 orcs (D:3)
  4 endoplasms
  2 giant cockroaches
  3 hobgoblins (D:2)
  10 jackals (D:2)
  2 kobolds (D:3)
  2 quokkas
  2 ball pythons
  6 bats
  2 frilled lizards
  4 goblins
  4 rats
50 creatures vanquished.

Notes
Turn   | Place    | Note
-------+----------+-------------------------------------------
     0 | D:1      | nickcage the Merfolk Gladiator began the quest for the Orb.
     0 | D:1      | Reached XP level 1. HP: 16/16 MP: 1/1
   251 | D:1      | Found Tuisov's Distillery.
   482 | D:2      | Reached XP level 2. HP: 22/22 MP: 2/2
   572 | D:2      | Reached skill level 5 in Polearms
   609 | D:2      | Reached XP level 3. HP: 27/27 MP: 3/3
  1032 | D:2      | Noticed Jessica
  1034 | D:2      | Killed Jessica
  1035 | D:2      | Reached skill level 6 in Polearms
  1035 | D:2      | Reached XP level 4. HP: 33/33 MP: 4/4
  1791 | D:3      | Reached skill level 7 in Polearms
  1903 | D:3      | Found Xanlij's Antique Weapon Boutique.
  1915 | D:3      | Slain by a gnoll

Illustrated notes

Levels and vault maps discovered:
D:1:      psy_arrival_whirlpool, layout_rooms, serial_shops, shop, serial_glass,
          glass_columns_a, glass_columns_a
D:2:      layout_loops_ring, minmay_misc_feat_cross, minivault_14, uniq_jessica
D:3:      layout_basic, serial_shops, shop

Skill      XL: |  1  2  3  4 |
---------------+-------------+-----
Polearms       | 5 6 7 |  7.0
Fighting       | |  2.1
Throwing       | |  2.0
Dodging        | |  4.0

Action                   |  1- 3 |  4- 6 || total
-------------------------+-------+-------++-------
Melee: Trident           |    92 |    64 ||   156
 Stab: Sleeping          |     1 |     1 ||     2
       Distracted        |     1 |       ||     1
Armor: Leather armour    |    23 |    21 ||    44
Dodge: Dodged            |    43 |    41 ||    84

Table legend: (Time is in decaauts)
 A = Elapsed time spent in this place.
 B = Non-inter-level travel time spent in this place.
 C = Inter-level travel time spent in this place.
 D = Time resting spent in this place.
 E = Time spent auto-exploring this place.
 F = Levels seen in this place.
 G = Mean time per level.
                   A        B        C        D        E       F      G
               +--------+--------+--------+--------+--------+-----+--------+
         Total |   1912 |   1850 |     62 |      0 |   1562 |   3 |  637.3 |
       Dungeon |   1912 |   1850 |     62 |      0 |   1562 |   3 |  637.3 |
               +--------+--------+--------+--------+--------+-----+--------+

Top non-repeatable levels by time:
     D:2: 794 daAuts
     D:3: 640 daAuts
     D:1: 477 daAuts
